 Dungeon Crawl Stone Soup version 0.27-a0-1528-g90fbb72 (webtiles) character file.

Game seed: 14682648022390765029

70208 Illumine the Thaumaturge (level 14, -13/82 HPs)
             Began as a Deep Elf Earth Elementalist on July 10, 2021.
             Was a High Priest of Sif Muna.
             Mangled by an orc knight (17 damage)
             ... on level 1 of the Orcish Mines.
             The game lasted 01:13:55 (29749 turns).

Illumine the Thaumaturge (DEEE)                    Turns: 29749, Time: 01:13:56

Health: -13/82     AC:  6    Str:  6    XL:     14   Next: 93%
Magic:  18/32      EV: 17    Int: 25    God:    Sif Muna [*****.]
Gold:   1944       SH:  5    Dex: 15    Spells: 2/37 levels left

rFire    + . .     SeeInvis +   k - staff of cold
rCold    + + +     Faith    +   r - +0 buckler
rNeg     . . .     Spirit   .   V - +1 robe of Fyemm {Rampage Regen+ SInv Archmagi}
rPois    .         Reflect  .   h - +1 hat
rElec    .         Harm     .   s - scarf {rC+ rF+}
rCorr    .         Rampage  +   v - +0 pair of gloves
Will     +....     Archmagi +   w - +0 pair of boots
Stlth    ++........             C - amulet of faith
HPRegen  1.23/turn              i - ring of wizardry
MPRegen  0.23/turn              H - ring of protection from cold

@: very slightly contaminated
A: no striking features
a: Renounce Religion, Channel Magic, Forget Spell, Divine Exegesis


You were on level 1 of the Orcish Mines.
You worshipped Sif Muna.
Sif Muna was extremely pleased with you.
You visited 4 branches of the dungeon, and saw 20 of its levels.
You also visited: Ice Cave.

You collected 1944 gold pieces.

Inventory:

Missiles
 c - 450 stones
 z - 7 atropa-tipped darts
 A - 8 boomerangs of dispersal
Armour
 b - the +2 robe of Juyt {rElec rF+ rN+ Int+3}
   (You found it on level 4 of the Lair of Beasts)

   Int:       It affects your intelligence (+3).
   rF:        It protects you from fire.
   rElec:     It insulates you from electricity.
   rN:        It protects you from negative energy.
 h - a +1 hat (worn)
 r - a +0 buckler (worn)
 s - a scarf of resistance (worn)
 v - a +0 pair of gloves (worn)
 w - a +0 pair of boots (worn)
 J - the +2 robe of Vines {NoPotionHeal Regen+++}
   (You found it on level 7 of the Dungeon)

   Regen:     It increases your rate of health regeneration.
 V - the +1 robe of Fyemm (worn) {Rampage Regen+ SInv Archmagi}
   (You found it on level 2 of the Lair of Beasts)

   SInv:      It lets you see invisible.
   Regen:     It increases your rate of health regeneration.
   Rampage:   It bestows one free step when moving towards enemies.
   Archmagi:  It increases the power of your magical spells.
Magical Staves
 k - a staff of cold (weapon)
Jewellery
 i - a ring of wizardry (left hand)
 q - a +6 ring of dexterity
 C - an amulet of faith (around neck)
 H - a ring of protection from cold (right hand)
 I - a ring of positive energy
 N - a ring of protection from cold
 P - a ring of ice
 W - a +6 ring of strength
Wands
 y - a wand of iceblast (47)
 B - a wand of mindburst (29)
 E - a wand of flame (39)
 K - a wand of polymorph (28)
Scrolls
 a - a scroll of summoning
 g - 3 scrolls of enchant armour
 j - 2 scrolls of vulnerability
 l - 2 scrolls of fear
 p - a scroll of brand weapon {unknown}
 t - 3 scrolls of amnesia
 D - 7 scrolls of teleportation
 F - 3 scrolls of blinking
 Q - a scroll of magic mapping
 S - 3 scrolls of enchant weapon
 U - a scroll of immolation {unknown}
 X - a scroll of holy word {unknown}
Potions
 d - a potion of berserk rage {unknown}
 e - 5 potions of heal wounds
 f - 2 potions of magic
 m - a potion of brilliance
 n - 9 potions of curing
 o - a potion of invisibility
 u - 2 potions of might
 x - a potion of lignification
 G - 2 potions of resistance
 L - 3 potions of haste
 O - a potion of flight {unknown}
 R - 4 potions of ambrosia
 T - 2 potions of cancellation
Miscellaneous
 Y - a lightning rod (4/4)


   Skills:
 * Level 7.6 Fighting
 - Level 2.2 Short Blades
 - Level 8.1 Staves
 + Level 10.7 Dodging
 - Level 2.4 Stealth
 - Level 5.0 Shields
 + Level 12.2 Spellcasting
 + Level 9.6 Conjurations
 + Level 2.4 Summonings
 + Level 9.2 Necromancy
 - Level 4.5 Transmutations
 - Level 4.0 Fire Magic
 + Level 9.5 Ice Magic
 - Level 5.0 Earth Magic
 + Level 8.0 Invocations
 + Level 9.2 Evocations


You had 2 spell levels left.
You knew the following spells:

 Your Spells              Type           Power      Damage    Failure   Level
a - Borgnjor's Vile Clut  Necr/Erth      33%        N/A       2%          5
b - Passwall              Tmut/Erth      45%        N/A       1%          2
c - Stone Arrow           Conj/Erth      100%       3d13      1%          3
d - Summon Small Mammal   Summ           100%       N/A       1%          1
e - Simulacrum            Ice/Necr       48%        N/A       5%          6
f - Sticky Flame          Conj/Fire      65%        2d8       1%          4
g - Hailstorm             Conj/Ice       97%        3d19      1%          4
h - Irradiate             Conj/Tmut      33%        3d24      2%          5
i - Agony                 Necr           75%        N/A       1%          5

Your spell library contained the following spells:

 Spells                   Type           Power      Damage    Failure   Level
 Corona                   Hex            24%        N/A       1%          1
 Foxfire                  Conj/Fire      100%       2x1d9     1%          1
 Sandblast                Erth           100%       2d20      1%          1
 Shock                    Conj/Air       100%       1d9       1%          1
 Static Discharge         Conj/Air       56%        N/A       1%          2
 Slow                     Hex            22%        N/A       2%          2
 Call Canine Familiar     Summ           41%        N/A       1%          3
 Dazzling Flash           Conj/Hex       100%       N/A       1%          3
 Ozocubu's Armour         Ice            96%        N/A       1%          3
 Spider Form              Tmut/Pois      19%        N/A       1%          3
 Animate Dead             Necr           37%        N/A       1%          4
 Dispel Undead            Necr           75%        3d25      1%          4
 Excruciating Wounds      Necr           37%        N/A       1%          5
 Summon Guardian Golem    Hex/Summ       32%        N/A       2%          3
 Fulminant Prism          Conj/Hex       28%        3d14      2%          4
 Petrify                  Tmut/Erth      55%        N/A       2%          4
 Fireball                 Conj/Fire      32%        3d14      2%          5
 Bolt of Magma            Conj/Fire/Erth 31%        4d14      3%          5
 Swiftness                Air            22%        N/A       4%          3
 Lightning Bolt           Conj/Air       28%        1d44      6%          5
 Metabolic Englaciation   Hex/Ice        36%        N/A       6%          5
 Airstrike                Air            11%        N/A       16%         4
 Yara's Violent Unravell  Hex/Tmut       19%        3d9       17%         5
 Silence                  Hex/Air        11%        N/A       38%         5
 Spellforged Servitor     Conj/Summ      31%        N/A       69%         7
 Storm Form               Tmut/Air       19%        N/A       99%         7
 Chain Lightning          Conj/Air       28%        3d37      100%        9
 Fire Storm               Conj/Fire      32%        8d8       100%        9


Dungeon Overview and Level Annotations

Branches:
Dungeon (11/15)            Temple (1/1) D:6            Lair (6/6) D:11
 Shoals (0/4) Lair:3       Spider (0/4) Lair:4        Slime (0/5) Lair:5
    Orc (2/2) D:9             Elf (0/3) Orc:2         IceCv (visited)

Altars:
Ashenzari
Cheibriados
Elyvilon
Fedhas
Gozag
Hepliaklqana
Kikubaaqudgha
Makhleb
Nemelex Xobeh
Okawaru
Qazlal
Ru
Sif Muna
Uskayaw
Vehumet
Wu Jian
Xom
Yredelemnul
Zin
The Shining One
Beogh

Shops:
Orc:2 =

Annotations:
Lair:3 exclusion: oklob plant


Message History

There is a stone staircase leading up, spattered with blood here.
The orc knight hits you with a +2 battleaxe of freezing!!
The orc knight freezes you.
The orc knight hits you with a +0 battleaxe!!
You climb upwards.
There is a stone staircase leading down, spattered with blood here.
Casting: Hailstorm (safe; 1% risk of failure)
Confirm with . or Enter, or press ? or * to list all spells.
Okay, then.
Casting: Hailstorm (safe; 1% risk of failure)
Confirm with . or Enter, or press ? or * to list all spells.
You feel a surge of power!
You erupt in a fountain of uncontrolled magic!
The orc knight is blasted with magical radiation!!
The orc knight is heavily wounded.
The orc knight twists and deforms.
The orc knight is blasted with magical radiation!!!
You kill the orc knight!
Sif Muna accepts your kill.
You are very lightly contaminated with residual magic.
The orc knight hits you with a +0 battleaxe.
Unknown command.
Casting: Irradiate (dangerous; 2% risk of failure)
Confirm with . or Enter, or press ? or * to list all spells.
You feel a surge of power!
You miscast Irradiate.
A wave of violent energy washes through your body!
* * * LOW HITPOINT WARNING * * *
The orc knight hits you with a +0 battleaxe!!
* * * LOW HITPOINT WARNING * * *
Unknown command.
Items here: ))) [[[.
Casting: Irradiate (dangerous; 2% risk of failure)
Confirm with . or Enter, or press ? or * to list all spells.
You feel a surge of power!
You erupt in a fountain of uncontrolled magic!
The orc knight is blasted with magical radiation!!
The orc knight is severely wounded.
The orc knight twists and deforms.
The orc knight hits you with a +0 battleaxe!
You die...

#...##.## ##...####.
##.##..#####...####.
##.#....##.#...#.###
#....#...#...#......
####..#.......###.....
#.............# #....#
#.....#.#..#..###..#..
##.#...#..###......##.
####@)[...##.....###.
#[o...###....#####
####.)...##......###
##....#...#.......##.
#....##...#...##.....
##...###.....####....
##....#.....##.....#
#.#.....###..#......
###....#.###.....#.#


You could see an orc knight (misshapen).

Vanquished Creatures
  A frost giant (IceCv)
  An orc warlord (Orc:1)
  Snorg (Lair:6)
  4 hydras
  Erolcha (Orc:2)
  A boulder beetle (Lair:5)
  5 death yaks (IceCv)
  3 orc high priests (Orc:2)
  A necromancer (Lair:6)
  5 orc knights
  An oklob plant (Lair:6)
  5 orc sorcerers
  2 ugly things
  2 merfolk sirens (Lair:3)
  A centaur zombie (D:10)
  3 elephants (Lair:2)
  6 black mambas
  15 cane toads
  An ice statue (IceCv)
  17 komodo dragons
  9 rime drakes
  2 ice devils (Lair:6)
  4 trolls
  2 merfolk (Lair:3)
  10 polar bears
  6 blink frogs (Lair:4)
  6 hornets
  Sigmund (D:5)
  15 spriggans (Lair:6)
  A redback (Lair:4)
  2 shadows (D:10)
  7 wyverns
  A wraith (D:9)
  A steam dragon (D:8)
  75 yaks
  4 vampire mosquitoes
  3 wargs
  15 water moccasins
  30 orc warriors
  6 sky beasts
  Duvessa (D:7)
  3 black bears
  11 ogres
  4 boggarts (Lair:6)
  42 wolves
  4 centaurs
  A kobold brigand (D:8)
  13 bullfrogs
  Dowan (D:7)
  A water moccasin skeleton (D:6)
  9 killer bees
  3 electric eels
  10 wights
  3 howler monkeys (D:10)
  2 bullfrog zombies (D:5)
  3 hounds
  2 gnoll shamans (D:8)
  17 orc priests
  Crazy Yiuf (D:5)
  4 jellies
  A centaur skeleton (D:7)
  2 iguanas
  21 orc wizards
  4 polar bear simulacra (Lair:6)
  6 hell rats (Lair:2)
  2 yak simulacra (Lair:6)
  3 wolf simulacra (Lair:6)
  A howler monkey zombie (D:9)
  10 gnolls
  8 adders
  A shadow imp (D:5)
  An ufetubus (D:6)
  3 worms (D:2)
  A dart slug (D:3)
  74 orcs
  6 ball pythons
  3 bats
  5 endoplasms
  4 giant cockroaches
  9 goblins
  9 hobgoblins
  11 jackals
  5 quokkas
  5 frilled lizards
  15 kobolds
  7 rats
  2 river rat simulacra (Lair:6)
630 creatures vanquished.

Vanquished Creatures (others)
  An orc wizard (Orc:2)
  An orc (Orc:1)
  57 fungi
  77 plants
136 creatures vanquished.

Grand Total: 766 creatures vanquished

Notes
Turn   | Place    | Note
-------+----------+-------------------------------------------
     0 | D:1      | Illumine the Deep Elf Earth Elementalist began the quest
                  | for the Orb.
     0 | D:1      | Reached XP level 1. HP: 10/10 MP: 6/6
   301 | D:1      | Reached XP level 2. HP: 15/15 MP: 6/8
   330 | D:1      | Learned a level 2 spell: Passwall
   759 | D:1      | Found a faded altar of an unknown god.
   947 | D:1      | Reached XP level 3. HP: 16/19 MP: 3/10
   952 | D:1      | Reached skill level 4 in Spellcasting
  1032 | D:1      | Learned a level 3 spell: Stone Arrow
  1588 | D:2      | Reached skill level 1 in Conjurations
  1713 | D:2      | Reached XP level 4. HP: 24/24 MP: 7/12
  1753 | D:2      | Learned a level 3 spell: Ozocubu's Armour
  2970 | D:3      | Noticed a water moccasin
  2973 | D:3      | Killed a water moccasin
  2974 | D:3      | Reached skill level 1 in Ice Magic
  2974 | D:3      | Reached XP level 5. HP: 28/28 MP: 7/14
  3604 | D:4      | Noticed a sky beast
  3875 | D:4      | Reached skill level 1 in Fighting
  3875 | D:4      | Reached skill level 1 in Shields
  3875 | D:4      | Reached XP level 6. HP: 34/34 MP: 11/15
  3922 | D:4      | Found a stormy altar of Qazlal.
  3922 | D:4      | Found a glowing silver altar of Zin.
  3923 | D:4      | Found an opulent altar of Gozag.
  3957 | D:4      | Reached skill level 1 in Short Blades
  3989 | D:4      | Killed a sky beast
  3990 | D:4      | Reached skill level 5 in Spellcasting
  3990 | D:4      | Reached skill level 5 in Earth Magic
  4096 | D:4      | Found a radiant altar of Vehumet.
  4828 | D:5      | Entered Level 5 of the Dungeon
  4845 | D:4      | Reached XP level 7. HP: 30/38 MP: 9/16
  5064 | D:5      | Noticed Sigmund
  5067 | D:5      | Killed Sigmund
  5335 | D:5      | Reached skill level 1 in Staves
  5349 | D:5      | Noticed a wyvern
  5356 | D:5      | Killed a wyvern
  5357 | D:5      | Reached skill level 6 in Spellcasting
  5357 | D:5      | Reached skill level 1 in Evocations
  5357 | D:5      | Reached XP level 8. HP: 44/44 MP: 5/19
  5471 | D:5      | Identified the +0 quarterstaff "Hynontoi" {protect, Str+7}
  5787 | D:5      | Found a runed translucent door.
  5788 | D:5      | Noticed Crazy Yiuf
  5794 | D:5      | Killed Crazy Yiuf
  6785 | D:6      | Found a glowing golden altar of the Shining One.
  6901 | D:6      | Found a staircase to the Ecumenical Temple.
  6920 | Temple   | Entered the Ecumenical Temple
  6994 | Temple   | Became a worshipper of Sif Muna the Loreminder
  7117 | D:6      | Found an ancient bone altar of Kikubaaqudgha.
  7217 | D:6      | Found a hazy altar of Hepliaklqana.
  7283 | D:7      | Reached skill level 5 in Dodging
  7491 | D:7      | Reached XP level 9. HP: 50/50 MP: 14/21
  7621 | D:7      | Reached skill level 7 in Spellcasting
  7675 | D:7      | Noticed Dowan
  7704 | D:7      | Killed Dowan
  7737 | D:7      | Noticed a troll
  7855 | D:7      | Identified the +2 ring mail of the Cockatrice {rElec Will+
                  | Dex-5}
  7922 | D:7      | Killed a troll
  7987 | D:7      | Learned a level 4 spell: Dispel Undead
  8043 | D:7      | Noticed an eight-headed hydra
  8044 | D:7      | Found the +2 robe of Vines {NoPotionHeal Regen+++}
  8519 | D:7      | Noticed Duvessa
  8530 | D:7      | Killed Duvessa
  8683 | D:8      | Found a basalt altar of Yredelemnul.
  8699 | D:8      | Reached skill level 5 in Conjurations
  8699 | D:8      | Reached skill level 1 in Necromancy
  9060 | D:8      | Found a shimmering altar of Xom.
  9103 | D:8      | Reached * piety under Sif Muna
  9207 | D:8      | Learned a level 4 spell: Sticky Flame
  9255 | D:8      | Reached skill level 5 in Ice Magic
  9413 | D:9      | Reached skill level 1 in Invocations
  9695 | D:9      | Reached XP level 10. HP: 56/56 MP: 7/23
 10166 | D:9      | Found a staircase to the Orcish Mines.
 10181 | D:9      | Reached ** piety under Sif Muna
 10460 | D:9      | Reached skill level 1 in Fire Magic
 10471 | D:8      | Reached skill level 8 in Spellcasting
 11520 | D:9      | Found a broken altar of Ashenzari.
 11523 | D:9      | Found a sacrificial altar of Ru.
 11572 | D:10     | Entered Level 10 of the Dungeon
 11768 | D:9      | Reached *** piety under Sif Muna
 12440 | D:10     | Reached skill level 5 in Evocations
 12541 | D:10     | Reached XP level 11. HP: 51/62 MP: 12/25
 12783 | D:10     | Reached **** piety under Sif Muna
 13012 | D:10     | Noticed a cyan ugly thing
 13044 | D:10     | Killed a cyan ugly thing
 13276 | D:10     | Reached skill level 5 in Staves
 13705 | D:11     | Found a staircase to the Lair.
 13975 | D:11     | Reached skill level 9 in Spellcasting
 14271 | D:11     | Noticed a six-headed hydra
 14393 | Lair:1   | Entered Level 1 of the Lair of Beasts
 14750 | Lair:1   | Reached skill level 5 in Shields
 14974 | Lair:1   | Noticed a six-headed hydra
 14986 | Lair:1   | Killed a six-headed hydra
 14987 | Lair:1   | Reached skill level 5 in Necromancy
 15185 | Lair:1   | Reached skill level 5 in Fighting
 15267 | Lair:1   | Reached ***** piety under Sif Muna
 15396 | Lair:1   | Received a gift from Sif Muna
 15397 | Lair:1   | Got Sif Muna's Catalogue of Attacks {god gift}
 15403 | Lair:1   | Learned a level 4 spell: Hailstorm
 15761 | Lair:2   | Reached XP level 12. HP: 67/68 MP: 20/27
 16278 | Lair:2   | Identified the +1 robe of Fyemm {Rampage Regen+ SInv
                  | Archmagi}
 16821 | Lair:2   | Reached skill level 5 in Invocations
 16981 | Lair:2   | Reached skill level 10 in Spellcasting
 17481 | Lair:3   | Found a staircase to the Shoals.
 18167 | Lair:3   | Received a gift from Sif Muna
 18179 | Lair:3   | Got Sif Muna's Guide on Toxic Transmigration {god gift}
 18309 | Lair:3   | Noticed a six-headed hydra
 18315 | Lair:3   | Killed a six-headed hydra
 19111 | Lair:3   | Learned a level 5 spell: Irradiate
 19200 | Lair:3   | Learned a level 5 spell: Agony
 19421 | Lair:4   | Found a hole to the Spider Nest.
 19439 | Lair:4   | Reached XP level 13. HP: 69/74 MP: 25/29
 20057 | Lair:4   | Identified the +2 robe of Juyt {rElec rF+ rN+ Int+3}
 21192 | Lair:5   | Found a staircase to the Slime Pits.
 21247 | Lair:5   | Reached skill level 11 in Spellcasting
 21745 | Lair:5   | Received a gift from Sif Muna
 21746 | Lair:5   | Got Sif Muna's Compendium of Unholy Arts {god gift}
 21755 | Lair:5   | Learned a level 5 spell: Borgnjor's Vile Clutch
 22111 | Lair:6   | Entered Level 6 of the Lair of Beasts
 22523 | Lair:6   | Found a frozen archway.
 22576 | IceCv    | Entered an ice cave
 23520 | IceCv    | Reached XP level 14. HP: 54/80 MP: 31/31
 23523 | IceCv    | Reached skill level 10 in Dodging
 23595 | IceCv    | Noticed a frost giant
 23612 | IceCv    | Killed a frost giant
 25240 | Lair:6   | Noticed Snorg
 25247 | Lair:6   | Killed Snorg
 25474 | Lair:6   | Received a gift from Sif Muna
 25488 | Lair:6   | Got Sif Muna's Guide on Arcane Weapons {god gift}
 25494 | Lair:6   | Learned a level 1 spell: Summon Small Mammal
 26513 | Lair:6   | Reached skill level 1 in Summonings
 27131 | Orc:1    | Entered Level 1 of the Orcish Mines
 27425 | Orc:1    | Noticed an orc warlord
 27611 | Orc:1    | Killed an orc warlord
 27794 | D:9      | Learned a level 6 spell: Simulacrum
 28228 | Orc:2    | Entered Level 2 of the Orcish Mines
 28228 | Orc:2    | Found a staircase to the Elven Halls.
 28231 | Orc:2    | Noticed Erolcha
 28361 | Orc:2    | Killed Erolcha
 28362 | Orc:2    | Reached skill level 12 in Spellcasting
 28709 | Orc:2    | Received a gift from Sif Muna
 28710 | Orc:2    | Got Sif Muna's Reference Book on Shifting Enchantment {god
                  | gift}
 29291 | Orc:2    | Found Duje's Jewellery Shop.
 29747 | Orc:1    | HP: 2/82 [orc knight (18)]
 29749 | Orc:1    | Mangled by an orc knight

Illustrated notes

Levels and vault maps discovered:
D:1:      elethiomel_arrival_quiet, layout_loops_ring,
          ebering_ecumenical_altar_box
D:2:      layout_loops_corners
D:3:      layout_basic
D:4:      layout_basic, nicolae_overflow_quartered_altars
D:5:      layout_cave_pools, uniq_sigmund, uniq_crazy_yiuf_cottage
D:6:      layout_rooms, nicolae_hepliaklqana_hippocampus,
          mainiacjoe_overflow_six_doors_small, kennysheep_mini_moat,
          minmay_temple_entry_junction
D:7:      layout_rooms, hellmonk_guarded_unrand_vines, uniq_maggie, uniq_duvessa
D:8:      layout_loops_ring, kennysheep_mini, lemuel_coloured_pillars_altar,
          minmay_misc_feat_plants
D:9:      layout_basic, nicolae_overflow_hidden_temple, erik_orc_2
D:10:     layout_roguey [special_room_orc], hangedman_corner_corridor
D:11:     layout_roguey, dpeg_oklobed_lair, chequers_serial_rivers_micro_d,
          minmay_shop_mass, minmay_puff
Temple:   jpeg_temple_island
Lair:1:   layout_big_grid
Lair:2:   layout_misc_corridors, grunt_megastairs_3
Lair:3:   layout_roguey, elwin_shoals_entry_stream,
          hangedman_lair_unloving_vines, infiniplex_staircase_pool,
          serial_bayou_shore_a, lemuel_fruit_fields, serial_bayou_shore_b
Lair:4:   layout_roguey, spider_nest_entry_webs
Lair:5:   layout_gridlike, slime_dummy, hibernation_bobbens
Lair:6:   minmay_lair_end_enchanted_forest, layout_cave_pods,
          portal_ice_cave_demonic_guard, eino_house_with_fridge, uniq_snorg
Orc:1:    layout_diamond_mine
Orc:2:    st_orc_elflike, layout_caves, uniq_erolcha

Skill      XL: |  1  2  3  4  5  6  7  8  9 10 11 12 13 14 |
---------------+-------------------------------------------+-----
Earth Magic    | 4 5 |  5.0
Spellcasting   | 4 5 6 7 8 9 10 11 12 | 12.2
Conjurations   | 1 2 3 4 5 6 7 8 9 |  9.6
Ice Magic      | 1 2 3 4 5 6 7 8 9 |  9.5
Fighting       | 1 2 3 4 5 6 7 |  7.6
Shields        | 1 2 3 4 5 |  5.0
Short Blades   | 1 2 |  2.2
Dodging        | 3 4 5 6 7 8 9 10 | 10.7
Staves         | 1 2 3 4 5 6 7 8 |  8.1
Evocations     | 1 2 4 5 6 7 8 9 |  9.2
Necromancy     | 2 3 5 6 8 9 |  9.2
Invocations    | 1 3 4 5 7 8 |  8.0
Fire Magic     | 2 4 |  4.0
Transmutations | 3 4 |  4.5
Summonings     | 2 |  2.4
Stealth        | |  2.4

Action                   |  1- 3 |  4- 6 |  7- 9 | 10-12 | 13-15 || total
-------------------------+-------+-------+-------+-------+-------++-------
Melee: Dagger            |    45 |    40 |     4 |       |       ||    89
       Staff             |       |       |    35 |   295 |   239 ||   569
 Cast: Sandblast         |    43 |     5 |       |       |       ||    48
       Stone Arrow       |     8 |    47 |   143 |   174 |   180 ||   552
       Sticky Flame      |       |       |       |   115 |    69 ||   184
       Dispel Undead     |       |       |       |    16 |       ||    16
       Hailstorm         |       |       |       |    15 |    48 ||    63
       Borgnjor's Vile C |       |       |       |       |    53 ||    53
       Irradiate         |       |       |       |       |    24 ||    24
       Agony             |       |       |       |       |     8 ||     8
       Simulacrum        |       |       |       |       |     4 ||     4
       Summon Small Mamm |       |       |       |       |     2 ||     2
Invok: Channel Magic     |       |       |       |       |     2 ||     2
       Forget Spell      |       |       |       |       |     2 ||     2
Evoke: Wand              |       |       |     1 |       |     1 ||     2
  Use: Scroll            |       |     6 |     3 |     7 |     9 ||    25
       Potion            |       |       |       |       |     1 ||     1
 Stab: Sleeping          |     7 |     3 |       |       |       ||    10
Armor: Robe              |    18 |    13 |    15 |    94 |    49 ||   189
Dodge: Dodged            |    48 |    38 |    37 |   416 |   265 ||   804
Block: Buckler           |       |       |       |    54 |    97 ||   151

Table legend: (Time is in decaauts)
 A = Elapsed time spent in this place.
 B = Non-inter-level travel time spent in this place.
 C = Inter-level travel time spent in this place.
 D = Time resting spent in this place.
 E = Time spent auto-exploring this place.
 F = Levels seen in this place.
 G = Mean time per level.
                   A        B        C        D        E       F      G
               +--------+--------+--------+--------+--------+-----+--------+
         Total |  29766 |  28894 |    872 |  11739 |  12157 |  21 | 1417.4 |
       Dungeon |  14701 |  14176 |    525 |   5597 |   6127 |  11 | 1336.5 |
        Temple |    112 |     78 |     34 |      0 |     64 |   1 |  112.0 |
          Lair |  11144 |  10857 |    287 |   4135 |   5028 |   6 | 1857.3 |
  Orcish Mines |   2301 |   2276 |     25 |   1115 |    669 |   2 | 1150.5 |
      Ice Cave |   1506 |   1506 |      0 |    892 |    269 |   1 | 1506.0 |
               +--------+--------+--------+--------+--------+-----+--------+

Top non-repeatable levels by time:
  Lair:6: 3311 daAuts
     D:9: 2706 daAuts
    D:10: 1777 daAuts
  Lair:2: 1705 daAuts
  Lair:5: 1653 daAuts
  Lair:3: 1625 daAuts
  Lair:1: 1533 daAuts
   IceCv: 1506 daAuts
     D:2: 1423 daAuts
   Orc:1: 1413 daAuts
     D:5: 1367 daAuts
     D:4: 1348 daAuts
  Lair:4: 1316 daAuts
     D:8: 1208 daAuts
     D:1: 1186 daAuts
